 Dungeon Crawl Stone Soup version 0.31.0-7-gf635a9b802 (webtiles) character file.

Game seed: 8412944903290871589

86 stipulation the Ruffian (level 4, -1/38 HPs)
             Began as a Ghoul Monk on Jan 24, 2024.
             Slain by a ribbon worm (4 damage)
             ... on level 2 of the Dungeon.
             The game lasted 00:00:41 (1016 turns).

stipulation the Ruffian (Ghoul Monk)                Turns: 1016, Time: 00:00:42

Health: -1/38      AC:  5    Str: 16    XL:     4   Next: 50%
Magic:  4/4        EV: 11    Int:  9    God:
Gold:   106        SH:  5    Dex: 11    Spells: 3/3 levels left

rFire   . .          .
                       - Unarmed
rCold   + . .        c - orb {light}
rNeg    + + +        j - +0 ring mail
rPois   ∞            (no helmet)
rElec   .            (no cloak)
rCorr   .            (no gloves)
SInv    .            (no boots)
Will    .....        d - amulet of reflection Stlth
                     (no ring)
HPRegen 0.00/turn    (no ring)
MPRegen 0.09/turn

%: reflection
@: inhibited regen, glowing
A: claws 1, cold resistance 1, negative energy resistance 3, inhibited
regeneration, torment resistance 2, devour on kill
a: no special abilities


You were on level 2 of the Dungeon.
You visited 1 branch of the dungeon, and saw 2 of its levels.

You collected 106 gold pieces.

Inventory:

Armour
 c - an orb of light (worn)
 j - a +0 ring mail (worn)
Jewellery
 d - an amulet of reflection (around neck)
Scrolls
 h - a scroll of noise {unknown}
 i - a scroll of silence {unknown}
Potions
 a - 2 potions of haste {unknown}
 b - a potion of ambrosia
 e - a potion of magic {unknown}
 f - a potion of invisibility {unknown}
 g - a potion of mutation {unknown}
 k - 2 potions of cancellation {unknown}


   Skills:
 - Level 3.2 Fighting
 - Level 2.6 Dodging
 + Level 5.7 Unarmed Combat


You had 3 spell levels left.
You didn't know any spells.
Your spell library contained the following spells:

 Spells                   Type           Power      Damage    Failure   Level
 Ozocubu's Armour         Ice            0%         N/A       93%         3
 Metabolic Englaciation   Hex/Ice        0%         N/A       100%        5
 Sculpt Simulacrum        Ice/Alch       0%         N/A       100%        6


Dungeon Overview and Level Annotations

Branches:
Dungeon (2/15)

Altars:


Innate Abilities, Weirdness & Mutations

You are immune to poison.
You have sharp fingernails.
Your flesh is cold resistant. (rC+)
You are immune to negative energy. (rN+++)
You do not regenerate when monsters are visible.
You are immune to unholy pain and torment.
You thrive by killing the living.


Message History

The ribbon worm closely misses you.
You scratch the endoplasm.
The endoplasm is moderately wounded.
The rat bites you but does no damage. The frilled lizard closely misses you.
The rat barely misses you. The endoplasm freezes you.
You are frozen.
You resist.
You scratch the endoplasm.
The endoplasm is heavily wounded.
The frilled lizard bites you. The endoplasm freezes you.
You are frozen.
You resist.
The rat bites you but does no damage. x2
The ribbon worm expels a string of sticky webbing.
The stream of webbing hits you but does no damage.
You are caught in a web!
The web tears apart.
The frilled lizard closely misses you. The endoplasm hits you.
The rat misses you. The rat barely misses you.
The ribbon worm barely misses you.
You scratch the endoplasm.
You kill the endoplasm!
The frilled lizard bites you but does no damage.
The rat barely misses you. The rat misses you. The ribbon worm bites you.
The rat bites you but does no damage. The rat misses you.
The rat attacks as it pursues you! The rat bites you but does no damage.
The ribbon worm barely misses you.
You claw the rat!
You kill the rat!
The frilled lizard barely misses you. The ribbon worm closely misses you.
The rat bites you but does no damage. The frilled lizard bites you.
* * * LOW HITPOINT WARNING * * *
You barely miss the rat. The rat closely misses you. The ribbon worm bites you.
* * * LOW HITPOINT WARNING * * *
The frilled lizard bites you but does no damage.
You claw the rat!
You kill the rat!
The frilled lizard bites you but does no damage.
The ribbon worm bites you.
You die...

##################
#........@w.......
#..##...#l†..####
#.###...#.†..#
#)###..##....#
#......###.......[
##+# #.....##
#...#.... #...
#...### #...#....
#...##.#### ##..#
... #....#....####
..# #!


You could see a ribbon worm and a frilled lizard.

Vanquished Creatures
  Terence (D:2)
  2 adders (D:2)
  A ribbon worm (D:2)
  5 bats
  3 endoplasms
  A giant cockroach (D:1)
  2 goblins (D:1)
  3 hobgoblins (D:1)
  3 jackals (D:1)
  3 quokkas
  2 ball pythons (D:2)
  4 frilled lizards
  5 kobolds (D:1)
  3 rats
38 creatures vanquished.

Notes
Turn   | Place    | Note
-------+----------+-------------------------------------------
     0 | D:1      | stipulation the Ghoul Monk began the quest for the Orb.
     0 | D:1      | Reached XP level 1. HP: 19/19 MP: 1/1
   125 | D:1      | Reached XP level 2. HP: 26/26 MP: 2/2
   166 | D:1      | Reached skill level 4 in Unarmed Combat
   428 | D:1      | Reached XP level 3. HP: 31/31 MP: 3/3
   902 | D:2      | Reached skill level 5 in Unarmed Combat
   955 | D:2      | Noticed Terence
   965 | D:2      | Killed Terence
   966 | D:2      | Reached XP level 4. HP: 35/38 MP: 4/4
  1016 | D:2      | Slain by a ribbon worm

Illustrated notes

Levels and vault maps discovered:
D:1:      co_arrival_random_square_maze, layout_loops_ring
D:2:      minmay_recursive_quarters, layout_basic, serial_corexii_hall,
          corexii_hall_statues_l, corexii_hall_statues_deadend,
          chequers_hall_statues_corner_a, chequers_hall_statues_wall_a,
          chequers_hall_statues_wall_a, chequers_hall_statues_y, serial_shops,
          shop_statue, mrwooster_statue_mirror, uniq_terence

Skill      XL: |  1  2  3 |
---------------+----------+-----
Unarmed Combat | 4 5 |  5.7
Fighting       | |  3.2
Dodging        | |  2.6

Action                     |  1- 3 |  4- 6 || total
---------------------------+-------+-------++-------
  Melee: Unarmed           |    74 |    13 ||    87
 Armour: Robe              |    17 |       ||    17
         Ring mail         |    14 |    23 ||    37
  Dodge: Dodged            |    37 |    33 ||    70
